 Dungeon Crawl Stone Soup version 0.20-a0-1026-gc3ddcbd (webtiles) character file.

480 Alarkh the Insei (level 6, -3/41 HPs)
             Began as a Demonspawn Skald on Apr 20, 2017.
             Was a Believer of Hepliaklqana.
             Slain by Edmund
             ... wielding a +3 dire flail of protection
              (9 damage)
             ... on level 4 of the Dungeon.
             The game lasted 00:05:29 (5893 turns).

Alarkh the Insei (Demonspawn Skald)                 Turns: 5893, Time: 00:05:30

Health: -3/41      AC:  3    Str: 12    XL:     6   Next: 86%
Magic:  9/9        EV: 12    Int: 16    God:    Hepliaklqana [**....]
Gold:   142        SH:  0    Dex: 12    Spells: 8/9 levels left

rFire    . . .     SeeInvis .     - Unarmed
rCold    . . .     Gourm    .   (no shield)
rNeg     + . .     Faith    .   a - +0 leather armour
rPois    .         Spirit   .   (no helmet)
rElec    .         Reflect  .   (no cloak)
rCorr    .         Harm     .   (no gloves)
MR       .....                  (no boots)
Stlth    ++........             (no amulet)
Regen    0.2/turn               j - ring of positive energy
MPRegen  0.2/turn               r - ring of wizardry

@: no status effects
A: reduced essence, claws 2, talons 1, powered by pain 1
a: Recall Ancestor, Ancestor Identity, Renounce Religion


You were on level 4 of the Dungeon.
You worshipped Hepliaklqana.
Hepliaklqana was pleased with you.
You were not hungry.

You visited 1 branch of the dungeon, and saw 4 of its levels.

You collected 142 gold pieces.

Inventory:

Armour
 a - a +0 leather armour (worn)
Jewellery
 j - a ring of positive energy (left claw)
 m - an uncursed ring of stealth
 r - a ring of wizardry (right claw)
Scrolls
 d - a scroll of teleportation {unknown}
 e - a scroll of identify
 g - a scroll of noise {unknown}
 i - 2 scrolls of enchant armour {unknown}
 k - 3 scrolls of fear {unknown}
 l - a scroll of recharging {unknown}
 p - 3 scrolls of remove curse {unknown}
 s - a scroll of magic mapping {unknown}
 u - a scroll of amnesia {unknown}
 w - a scroll of fog {unknown}
Potions
 o - 3 potions of flight
 q - a potion of resistance
 v - a potion of curing
Books
 b - a book of Battle

   Spells                             Type                      Level
   a - Infusion                       Charms                       1
   b - Shroud of Golubria             Charms/Translocation         2
   c - Song of Slaying                Charms                       2
   d - Spectral Weapon                Hexes/Charms                 3
   e - Regeneration                   Charms/Necromancy            3
 h - a book of Minor Magic

   Spells                             Type                      Level
   a - Magic Dart                     Conjuration                  1
   b - Blink                          Translocation                2
   c - Call Imp                       Summoning                    2
   d - Slow                           Hexes                        2
   e - Conjure Flame                  Conjuration/Fire             3
   f - Mephitic Cloud                 Conjuration/Poison/Air       3
Comestibles
 c - 4 bread rations
 f - 5 fruits
 n - a royal jelly
 t - a meat ration


   Skills:
 + Level 2.9 Fighting
 + Level 2.6 Armour
 + Level 2.8 Dodging
 + Level 2.4 Stealth
 + Level 4.4 Unarmed Combat
 + Level 2.3 Spellcasting
 + Level 2.9 Charms


You had 8 spell levels left.
You knew the following spells:

 Your Spells              Type           Power        Failure   Level  Hunger
a - Infusion              Chrm           ##..         3%          1    #......


Dungeon Overview and Level Annotations

Branches:
Dungeon (4/15)
 Temple: D:4-7

Altars:
Hepliaklqana

Annotations:
D:4 Edmund


Innate Abilities, Weirdness & Mutations

You have very sharp fingernails.
You have sharp toenails.
You sometimes gain a little power by taking damage.
Your life essence is reduced. (-10% HP)


Message History

The magic dart hits you!
Edmund hits you with a dire flail of protection!
* * * LOW HITPOINT WARNING * * *
You are too injured to fight recklessly!
You are too injured to fight recklessly!
Edmund closely misses you.
Items here: ))) † a dagger; a giant club; a whip; an orc corpse
Okay, then.
An orc comes into view. It is wielding a trident.
The orc shouts!
The orc hits you with a trident.
* * * LOW HITPOINT WARNING * * *
You barely miss the orc. You claw the orc.
The orc is lightly wounded.
The orc barely misses you.
You claw the orc!
You kill the orc!
Edmund hits you with a dire flail of protection!
You die...

## #..##.##[.# #.#.# .##
#.....##..# #.#.##
#.######.....##..####....######
R##..................)........#
###.#######.####.#####...####.#
.##.# #.# #.# ##.## #.### #.#.#
#.# #.# #.# #.... ##R.#######†#
#)# #.# ###.# ##.........# #@#
#[######... ##.)######..# #@#
#.......... #.#.######..####o#
########... .##.#.....)))....#
##.# .##.#......)...### #.#
.##.#.########.# #.# >##.. ..#
#.# #.# .#### #.# #.# #.# .#
#.####.# #[# #..


You could see Edmund and an orc wizard.

Vanquished Creatures
  An ogre (D:4)
  A hound (D:4)
  An orc priest (D:4)
  Natasha (D:4)
  A worker ant (D:4)
  4 adders
  3 gnolls (D:2)
  An ooze (D:2)
  An adder skeleton (D:4)
  2 worms (D:2)
  2 dart slugs
  3 leopard geckos
  5 orcs (D:4)
  A ball python (D:1)
  3 giant cockroaches
  7 goblins
  7 hobgoblins
  5 jackals
  2 quokkas
  7 bats
  2 frilled lizards
  5 kobolds
  13 rats
78 creatures vanquished.

Vanquished Creatures (collateral kills)
  An orc priest (D:4)
  A worker ant (D:4)
  2 orc wizards (D:4)
  A gnoll (D:2)
  A worm (D:1)
  A dart slug (D:4)
  An orc (D:4)
  2 bats
  A goblin (D:1)
  A hobgoblin (D:1)
  3 jackals (D:1)
15 creatures vanquished.

Vanquished Creatures (others)
  A knight (D:4)
1 creature vanquished.

Grand Total: 94 creatures vanquished

Notes
Turn   | Place    | Note
-------+----------+-------------------------------------------
     0 | D:1      | Alarkh the Demonspawn Skald began the quest for the Orb.
     0 | D:1      | Reached XP level 1. HP: 16/16 MP: 3/3
   409 | D:2      | Reached skill level 1 in Armour
   451 | D:2      | Gained mutation: You have sharp fingernails. [demonic ancestry]
   451 | D:2      | Reached XP level 2. HP: 4/22 MP: 0/5
   919 | D:2      | Reached skill level 2 in Unarmed Combat
  1261 | D:2      | Gained mutation: You have very sharp fingernails. [demonic ancestry]
  1261 | D:2      | Reached XP level 3. HP: 4/27 MP: 6/6
  1553 | D:2      | Found a faded altar of an unknown god.
  1578 | D:2      | Became a worshipper of Hepliaklqana the Forgotten
  1578 | D:2      | Reached * piety under Hepliaklqana
  2178 | D:2      | Gained mutation: You sometimes gain a little power by taking damage. [demonic ancestry]
  2178 | D:2      | Reached XP level 4. HP: 25/29 MP: 7/7
  2987 | D:3      | Reached ** piety under Hepliaklqana
  2992 | D:3      | Remembered your ancestor Enheduana as a knight
  3404 | D:3      | Reached skill level 3 in Unarmed Combat
  4318 | D:1      | Reached skill level 1 in Stealth
  4490 | D:1      | Gained mutation: You have sharp toenails. [demonic ancestry]
  4490 | D:1      | Reached XP level 5. HP: 29/35 MP: 8/8
  5689 | D:4      | Noticed Natasha
  5693 | D:4      | Killed Natasha
  5744 | D:4      | Reached XP level 6. HP: 41/41 MP: 9/9
  5814 | D:4      | Reached skill level 4 in Unarmed Combat
  5858 | D:4      | Noticed Edmund
  5893 | D:4      | Slain by Edmund

Vault maps used:
D:1:      lordsloth_arrival_two_stooges, minivault_11, st_stairs_1
D:2:      kb_forest_paths, chequers_ecumenical_altar_island
D:4:      first_bread, uniq_natasha, uniq_edmund

Skill      XL: |  1  2  3  4  5  6 |
---------------+-------------------+-----
Armour         | 1 2 |  2.6
Unarmed Combat | 2 3 4 |  4.4
Dodging        | 2 |  2.8
Stealth        | 1 2 |  2.4
Fighting       | |  2.9
Spellcasting   | |  2.3
Charms         | |  2.9

Action                   |  1- 3 |  4- 6 || total
-------------------------+-------+-------++-------
Melee: Unarmed           |   118 |   190 ||   308
       Punch             |     1 |     2 ||     3
       Kick              |       |    17 ||    17
 Cast: Infusion          |     2 |       ||     2
Invok: Recall Ancestor   |     3 |       ||     3
       Ancestor Identity |     1 |       ||     1
       Ancestor Life: Kn |       |     1 ||     1
  Use: Potion            |     1 |       ||     1
       Scroll            |       |     3 ||     3
 Stab: Sleeping          |     1 |     6 ||     7
  Eat: Chunk             |     4 |    12 ||    16
Armor: Leather armour    |    29 |    43 ||    72
       Skin              |     3 |       ||     3
Dodge: Dodged            |    69 |   120 ||   189
